 Dungeon Crawl Stone Soup version 0.24-a0-446-g87df7205b4 (webtiles) character file.

Game seed: 12620885729679186917

15012 drasked the Grappler (level 11, -1/111 HPs)
             Began as a Troll Monk on June 24, 2019.
             Was a High Priest of Okawaru.
             Killed from afar by a starcursed mass (9 damage)
             ... with an accursed screaming
             ... on level 2 of the Abyss.
             The game lasted 00:39:01 (12799 turns).

drasked the Grappler (Troll Monk)                  Turns: 12799, Time: 00:39:02

Health: -1/111     AC: 11    Str: 19    XL:     11   Next: 96%
Magic:  12/12      EV: 10    Int:  9    God:    Okawaru [*****.]
Gold:   713        SH:  0    Dex: 12    Spells: 10/10 levels left

rFire    . . .     SeeInvis .     - Unarmed
rCold    . . .     Gourm    +   (no shield)
rNeg     . . .     Faith    .   a - +1 robe
rPois    .         Spirit   .   (helmet restricted)
rElec    .         Reflect  .   (no cloak)
rCorr    .         Harm     .   (gloves unavailable)
MR       .....                  (boots unavailable)
Stlth    ++........             (no amulet)
HPRegen  0.00/turn              (no ring)
MPRegen  0.13/turn              E - +4 ring of protection

@: non-regenerating, diseased, slowed, very slow
A: large, unfitting armour, claws 3, fast metabolism 3, gourmand, low mp 1,
regeneration 1, shaggy fur 1, tough skin 3, weak 1
a: Heroism, Finesse, Renounce Religion


You were on level 2 of the Abyss.
You worshipped Okawaru.
Okawaru was extremely pleased with you.
You were full.

You visited 2 branches of the dungeon, and saw 11 of its levels.
You visited the Abyss 1 time.
You also visited: Sewer and Ossuary.

You collected 713 gold pieces.

Inventory:

Missiles
 d - 3 silver javelins
 k - 22 poisoned darts
 q - a silver boomerang (quivered)
 y - 14 large rocks {!d}
 L - 5 atropa-tipped darts
 Q - 440 stones
Armour
 a - a +1 robe (worn)
Jewellery
 u - the cursed ring "Noifeyse" {rF+ rN+ MR+ AC-3}
   (You took it off a crimson imp on level 8 of the Dungeon)

   [ring of protection]

   It affects your AC (-3).
   It protects you from fire.
   It protects you from negative energy.
   It affects your resistance to hostile enchantments.
   It has a curse placed upon it.
 E - a +4 ring of protection (right claw)
 K - an uncursed amulet of harm {unknown}
Wands
 o - a wand of polymorph (9)
 v - a wand of paralysis (9)
 D - a wand of iceblast (10)
 H - a wand of disintegration (19)
Scrolls
 g - 2 scrolls of fear
 i - 2 scrolls of identify
 p - 3 scrolls of immolation {!r}
 t - 6 scrolls of teleportation
 w - a scroll of remove curse
 x - 3 scrolls of amnesia
 B - a scroll of blinking {!r}
 F - a scroll of enchant armour
 G - a scroll of vulnerability {unknown}
 J - a scroll of magic mapping {!r}
Potions
 b - 2 potions of ambrosia
 c - 2 potions of berserk rage {unknown}
 f - 2 potions of lignification {!q}
 h - 5 potions of magic
 j - 4 potions of brilliance {unknown}
 l - a potion of heal wounds
 m - 2 potions of flight {unknown}
 n - 2 potions of resistance
 r - 2 potions of mutation {!q}
 s - 3 potions of agility
 z - 2 potions of curing
 C - a potion of degeneration {unknown}
 I - a potion of invisibility {unknown}
Miscellaneous
 A - a phial of floods
Comestibles
 e - 21 rations


   Skills:
 + Level 8.3 Fighting
 + Level 8.5 Throwing
 - Level 2.4 Dodging
 - Level 1.0 Stealth
 * Level 13.1 Unarmed Combat
 + Level 5.3 Invocations


You had 10 spell levels left.
You didn't know any spells.
Your spell library contained the following spells:

 Spells                   Type           Power        Failure   Level  Hunger
 Animate Skeleton         Necr           N/A          38%         1    ##.....
 Apportation              Tloc           #.....       38%         1    ##.....
 Confusing Touch          Hex            #.....       38%         1    ##.....
 Summon Small Mammal      Summ           #...         38%         1    ##.....
 Call Imp                 Summ           #.......     52%         2    ###....
 Call Canine Familiar     Summ           #.......     77%         3    ####...
 Ignite Poison            Fire/Tmut/Pois #.......     77%         3    ####...
 Summon Guardian Golem    Hex/Summ       #.......     77%         3    ####...
 Summon Ice Beast         Ice/Summ       #.......     99%         4    #####..
 Summon Lightning Spire   Summ/Air       #.......     99%         4    #####..
 Fireball                 Conj/Fire      #.........   100%        5    ######.
 Bolt of Fire             Conj/Fire      #.........   100%        6    #######
 Ring of Flames           Chrm/Fire      #.........   100%        7    #######
 Ignition                 Fire           #.........   100%        8    #######


Dungeon Overview and Level Annotations

Branches:
Dungeon (10/15)            Temple (1/1) D:4            Lair (0/6) D:10
    Orc: D:9-12

Altars:
Ashenzari
Cheibriados
Dithmenos
Elyvilon
Fedhas
Gozag
Hepliaklqana
Kikubaaqudgha
Makhleb
Nemelex Xobeh
Okawaru
Qazlal
Ru
Sif Muna
Trog
Uskayaw
Vehumet
Wu Jian
Xom
Yredelemnul
Zin
The Shining One


Innate Abilities, Weirdness & Mutations

You are too large for most types of armour.
You have claws for hands.
Your metabolism is lightning-fast.
You like to eat raw meat.
Your natural rate of healing is unusually fast.
You are covered in fur. (AC +1)
You have extremely tough skin. (AC +3)
Your magical capacity is low. (-10% MP)
You are weak. (Str -2)


Message History

You claw the ancient zyme!
You claw the ancient zyme, but do no damage.
The ancient zyme hits you.
* * * LOW HITPOINT WARNING * * *
The ancient zyme hits you!
* * * LOW HITPOINT WARNING * * *
A starcursed mass comes into view.
The ancient zyme hits you.
* * * LOW HITPOINT WARNING * * *
The ancient zyme hits you.
* * * LOW HITPOINT WARNING * * *
You closely miss the ancient zyme.
A hell hog comes into view.
A starcursed mass splits.
The ancient zyme hits you.
* * * LOW HITPOINT WARNING * * *
The ancient zyme hits you.
* * * LOW HITPOINT WARNING * * *
A starcursed mass splits.
A chorus of shrieks assaults your mind.
You die...

#... #... . .
. .... .#
#.## ##.#.#..
. #
#.####x.#. #
# #X.....#.#
. #..###...#
#.##ยง...##
## ## #
#.#.#....##
#. . .
#..x@.#.#....
# # #..#..X##
.#..#. #.
###..#. .. #.
### #h X.#.
#. ## # ..
....#. ##. #.
# # # ##.# .#
##. # . . ###
# ## . # ##
.### ### . ..


You could see 2 starcursed masses, an ancient zyme and a large abomination.

Levels and vault maps discovered:
D:1:      eino_arrival_tree_alley, layout_basic
D:2:      layout_basic, serial_park_tiny_2, uniq_natasha
D:3:      layout_basic, marbit_many_paths, gammafunk_temple_overflow_wave,
          first_ration, grunt_decor_one_mirror
D:4:      layout_basic, grunt_temple_overflow_open, temple_hall,
          minmay_misc_feat_x, hangedman_decor_clover_reticule
D:5:      kennysheep_windowed_halls, layout_rooms, okawaru_altar_gauntlet_db,
          old_standard_altar, portal_sewer_entry_a, kennysheep_generic_room_11,
          uniq_sigmund
D:6:      layout_gridville, kennysheep_mini, tgw_xom
D:7:      layout_cave_pools, lemuel_crystal_altar, cheibrodos_worm_habitat,
          basic_altar, grunt_livestock
D:8:      minmay_the_grid_plus [minmay_the_grid_gridbox,
          minmay_the_grid_zigzag_pyramid, minmay_the_grid_paths,
          minmay_the_grid_diamond_grid, minmay_the_grid_prize_trominoes],
          layout_basic, enter_ossuary_2, uniq_erica
D:9:      layout_loops_ring, nicolae_lava_and_water, minmay_sticks_and_stones
D:10:     layout_small_grid, lair_entry_dummy, basic_altar,
          gammafunk_ghost_nasty_kobolds, trog_ov_bears_minmay, uniq_harold
Temple:   minmay_temple_bridge_abc
Abyss:2

Notes
Turn   | Place    | Note
-------+----------+-------------------------------------------
     0 | D:1      | drasked the Troll Monk began the quest for the Orb.
     0 | D:1      | Reached XP level 1. HP: 22/22 MP: 0/0
    28 | D:1      | Identified a +0 dagger
    91 | D:1      | Identified a +0 club
   194 | D:1      | Reached XP level 2. HP: 29/29 MP: 1/1
   200 | D:1      | Identified a +0 dagger of protection
   205 | D:1      | Identified a +0 dagger
   485 | D:1      | Identified a +0 dagger
   959 | D:2      | Noticed Natasha
   961 | D:2      | Noticed a crimson imp
   970 | D:2      | Killed Natasha
   970 | D:2      | Reached skill level 1 in Throwing
   970 | D:2      | Reached XP level 3. HP: 21/36 MP: 2/2
  1102 | D:2      | Identified a +0 club
  1102 | D:2      | Identified a +0 hunting sling
  1105 | D:2      | Identified a +0 club
  1516 | D:2      | Identified a +0 dagger
  1543 | D:2      | Identified a +0 dagger
  1623 | D:2      | Reached skill level 4 in Unarmed Combat
  1637 | D:2      | Noticed Natasha
  1655 | D:2      | Killed Natasha
  1655 | D:2      | Reached XP level 4. HP: 22/44 MP: 3/3
  1781 | D:3      | Identified a +0 dagger
  1798 | D:3      | Found a deep blue altar of Sif Muna.
  1903 | D:3      | Identified a +0 club
  1964 | D:3      | Identified a +0 club
  1967 | D:3      | Identified a cursed -1 whip
  1967 | D:3      | Identified a +0 scale mail
  1969 | D:3      | Identified a +0 club
  1970 | D:3      | Reached skill level 3 in Fighting
  1971 | D:3      | Identified a +0 hand axe
  2148 | D:3      | Found a bloodstained altar of Trog.
  2148 | D:3      | Found a hide-covered altar of Uskayaw.
  2158 | D:3      | Identified a +0 flail
  2159 | D:3      | Identified a +0 dagger
  2159 | D:3      | Identified a +0 leather armour
  2168 | D:3      | Identified a +0 whip
  2170 | D:3      | Identified a +0 flail
  2173 | D:3      | Identified a +0 flail
  2178 | D:3      | Reached skill level 2 in Throwing
  2178 | D:3      | Reached XP level 5. HP: 28/53 MP: 4/4
  2186 | D:3      | HP: 13/53 [orc/+0 flail (3)]
  2197 | D:3      | Identified a +0 spear
  2300 | D:3      | Identified a +0 spear
  2302 | D:3      | Identified a +0 club
  2304 | D:3      | Identified a +0 flail
  2322 | D:3      | Reached skill level 5 in Unarmed Combat
  2342 | D:3      | Identified a +0 trident
  2342 | D:3      | Identified a +0 ring mail
  2432 | D:3      | Identified a +0 club
  2840 | D:4      | Noticed a phantom
  2851 | D:4      | Killed a phantom
  2851 | D:4      | Reached XP level 6. HP: 47/61 MP: 5/5
  2895 | D:4      | Identified a +0 dagger
  2895 | D:4      | Identified a +0 robe
  2897 | D:4      | Identified a +0 leather armour
  2899 | D:4      | Identified a +0 flail
  2899 | D:4      | Identified a +0 leather armour
  3030 | D:4      | Identified a +0 short sword
  3045 | D:4      | Identified a +0 short sword
  3045 | D:4      | Identified a +0 leather armour
  3069 | D:4      | Found a staircase to the Ecumenical Temple.
  3298 | Temple   | Entered the Ecumenical Temple
  3785 | D:4      | Found a shimmering altar of Xom.
  3789 | D:4      | Found a stormy altar of Qazlal.
  4425 | D:5      | Entered Level 5 of the Dungeon
  4426 | D:5      | Identified a scroll of noise
  4427 | D:5      | Identified a scroll of random uselessness
  4428 | D:5      | Identified 2 scrolls of immolation
  4429 | D:5      | Identified 5 scrolls of identify
  4429 | D:5      | Identified 2 potions of ambrosia
  4475 | D:5      | Found an iron altar of Okawaru.
  4490 | D:5      | Became a worshipper of Warmaster Okawaru
  4490 | D:5      | Reached * piety under Okawaru
  4490 | D:5      | Reached ** piety under Okawaru
  4540 | D:5      | Reached skill level 3 in Throwing
  4624 | D:5      | Found a sparkling altar of Nemelex Xobeh.
  4630 | D:5      | Identified a scroll of blinking
  4644 | D:5      | Identified a cursed -3 scythe
  4644 | D:5      | Identified a +0 robe
  4644 | D:5      | Noticed Sigmund
  4794 | D:5      | Identified a +0 shortbow
  4800 | D:5      | Reached skill level 6 in Unarmed Combat
  4800 | D:5      | Reached XP level 7. HP: 47/68 MP: 6/6
  4880 | D:5      | Found a glowing drain.
  4889 | Sewer    | Entered a sewer
  4958 | Sewer    | Identified a +0 short sword
  5203 | Sewer    | Reached skill level 4 in Fighting
  5209 | Sewer    | Identified a +2 short sword of speed
  5597 | D:5      | Killed Sigmund
  5851 | D:5      | Identified the +10 war axe of Summertime {freeze, rF+}
  5851 | D:5      | Identified a cursed -2 ring of evasion
  5853 | D:5      | Identified a +0 giant club
  5853 | D:5      | Noticed a yak
  5859 | D:5      | Reached skill level 7 in Unarmed Combat
  5870 | D:5      | Identified a cursed -3 flail
  5944 | D:5      | Reached skill level 4 in Throwing
  5944 | D:5      | Reached XP level 8. HP: 76/79 MP: 7/7
  6099 | D:5      | Reached *** piety under Okawaru
  6224 | D:5      | Reached skill level 5 in Fighting
  6224 | D:5      | Reached skill level 8 in Unarmed Combat
  6522 | D:6      | Found a blossoming altar of Fedhas.
  6544 | D:6      | Identified a +0 shortbow
  6546 | D:6      | Identified a +0 shortbow
  6553 | D:6      | Reached skill level 5 in Throwing
  6693 | D:6      | Reached XP level 9. HP: 37/88 MP: 8/8
  6694 | D:6      | Reached skill level 9 in Unarmed Combat
  7106 | D:6      | Reached **** piety under Okawaru
  7527 | D:6      | Identified a +1 dagger of chaos
  7533 | D:6      | Found a shimmering altar of Xom.
  7535 | D:6      | Identified a +2 dagger of chaos
  7535 | D:6      | Identified a +1 spear of chaos
  7754 | D:6      | Identified a +0 giant spiked club
  7855 | D:6      | Identified an amulet of inaccuracy (You found it on level 5
                  | of the Dungeon)
  7856 | D:6      | Identified 6 scrolls of teleportation
  7857 | D:6      | Identified 2 scrolls of amnesia
  7858 | D:6      | Identified 2 scrolls of remove curse
  7861 | D:6      | Identified 3 potions of magic
  7862 | D:6      | Identified 2 potions of lignification
  7863 | D:6      | Identified 2 potions of heal wounds
  7864 | D:6      | Identified 2 potions of agility
  7865 | D:6      | Identified a potion of resistance
  7972 | D:7      | Identified a +0 flail
  7977 | D:7      | Identified a +0 spear
  7980 | D:7      | Identified a +0 spear
  7980 | D:7      | Identified a +0 scale mail
  7984 | D:7      | Identified a +0 flail
  7995 | D:6      | Reached skill level 6 in Fighting
  8112 | D:7      | Reached skill level 6 in Throwing
  8112 | D:7      | Reached skill level 10 in Unarmed Combat
  8191 | D:7      | Identified a +0 giant club
  8193 | D:7      | Identified a +0 shortbow
  8286 | D:7      | Identified a +0 hand axe
  8286 | D:7      | Identified a +0 animal skin
  8309 | D:7      | Reached ***** piety under Okawaru
  8313 | D:7      | Reached XP level 10. HP: 30/100 MP: 9/9
  8463 | D:7      | Identified a +0 war axe
  8463 | D:7      | Identified a cursed +0 scale mail
  8464 | D:7      | Identified a +0 falchion
  8466 | D:7      | Identified a +0 war axe
  8466 | D:7      | Identified a +0 robe
  8468 | D:7      | Identified a +0 club
  8468 | D:7      | Identified a +0 leather armour
  8470 | D:7      | Identified a +0 falchion
  8470 | D:7      | Identified a +0 ring mail
  8511 | D:7      | Found a shadowy altar of Dithmenos.
  8519 | D:7      | Found a blossoming altar of Fedhas.
  8628 | D:7      | Found a snail-covered altar of Cheibriados.
  8709 | D:7      | Identified a +2 flail of protection
  8709 | D:7      | Identified a +0 leather armour
  8883 | D:8      | Identified a scroll of fear
  8884 | D:8      | Identified a scroll of magic mapping
  8936 | D:8      | Identified a +0 giant spiked club
  8945 | D:8      | Reached skill level 1 in Invocations
  8949 | D:8      | Found a sand-covered staircase.
  8954 | Ossuary  | Entered an ossuary
  9575 | D:8      | Identified a scroll of torment
  9848 | D:8      | Identified a +0 dagger of venom
  9848 | D:8      | Identified a +0 robe
  9848 | D:8      | Identified a +0 hand axe
  9848 | D:8      | Identified a +0 chain mail
  9864 | D:8      | HP: 25/100 [crocodile (14)]
  9867 | D:8      | Reached skill level 11 in Unarmed Combat
  9869 | D:8      | HP: 24/100 [poisoned by an orc wizard]
 10060 | D:8      | Identified an uncursed ring of poison resistance
 10085 | D:8      | Identified the cursed ring "Noifeyse" {rF+ rN+ MR+ AC-3}
 10162 | D:8      | Identified a +0 giant club
 10162 | D:8      | Identified a +0 giant club
 10162 | D:8      | Noticed a two-headed ogre
 10191 | D:8      | Killed a two-headed ogre
 10191 | D:8      | Reached skill level 7 in Fighting
 10191 | D:8      | Reached skill level 7 in Throwing
 10191 | D:8      | Reached skill level 2 in Invocations
 10259 | D:8      | Received a gift from Okawaru
 10298 | D:8      | Identified a +0 scimitar of flaming
 10298 | D:8      | Identified a +0 robe
 10298 | D:8      | Noticed Erica
 10321 | D:8      | HP: 22/102 [something (5)]
 10322 | D:8      | Killed Erica
 10482 | D:8      | Identified a +0 club
 10482 | D:8      | Identified a +0 scale mail
 10549 | D:8      | Identified a +0 dagger
 10648 | D:8      | Reached skill level 3 in Invocations
 10832 | D:8      | Identified a +0 falchion
 10904 | D:8      | Identified a ring of attention (You found it on level 8 of
                  | the Dungeon)
 10905 | D:8      | Identified a ring of protection (You found it on level 8 of
                  | the Dungeon)
 10909 | D:8      | Identified a scroll of enchant armour
 10910 | D:8      | Identified 2 potions of mutation
 10912 | D:9      | Identified a +0 trident
 10912 | D:9      | Identified a cursed +0 chain mail
 10912 | D:9      | Identified a +0 hand axe
 10914 | D:9      | Identified a +1 hand axe of flaming
 10917 | D:9      | Received a gift from Okawaru
 11034 | D:9      | Identified a +0 scimitar
 11034 | D:9      | Identified a +0 robe
 11066 | D:9      | Identified a cursed -3 war axe
 11066 | D:9      | Identified a +0 robe
 11068 | D:9      | Identified a +2 war axe
 11068 | D:9      | Identified a +0 robe
 11255 | D:9      | Identified a +0 trident
 11255 | D:9      | Identified a +0 plate armour
 11255 | D:9      | Identified a +0 flail
 11255 | D:9      | Identified a +0 dagger
 11255 | D:9      | Identified a +0 robe
 11387 | D:9      | Received a gift from Okawaru
 11483 | D:9      | Reached XP level 11. HP: 105/109 MP: 12/12
 11528 | D:9      | Reached skill level 12 in Unarmed Combat
 11641 | D:9      | Received a gift from Okawaru
 11650 | D:9      | Got an ancient fustibalus {god gift}
 11964 | D:9      | Identified an amulet of magic regeneration (You found it on
                  | level 9 of the Dungeon)
 11969 | D:10     | Entered Level 10 of the Dungeon
 11969 | D:10     | Identified a +0 whip
 11969 | D:10     | Identified a +0 club
 11969 | D:10     | Identified a +0 dagger
 11969 | D:10     | Identified a +0 hand axe
 12064 | D:10     | Identified a cursed +1 long sword
 12064 | D:10     | Identified a +0 robe
 12067 | D:10     | Identified a +0 dagger
 12067 | D:10     | Identified a +0 robe
 12069 | D:10     | Identified a +5 war axe
 12069 | D:10     | Identified a +0 robe
 12091 | D:10     | Found a bloodstained altar of Trog.
 12118 | D:10     | Found a deep blue altar of Sif Muna.
 12126 | D:10     | Reached skill level 4 in Invocations
 12180 | D:10     | Identified a +0 whip
 12180 | D:10     | Noticed zkyp's ghost (journeyman GnHu)
 12181 | D:10     | Identified a +0 dagger
 12181 | D:10     | Identified the +5 short sword of Reapportionment {venom,
                  | -Tele rElec MR+ Int+2}
 12181 | D:10     | Identified a cursed -3 short sword
 12181 | D:10     | Identified a +2 short sword of distortion
 12181 | D:10     | Identified a +0 dagger
 12181 | D:10     | Identified a +0 robe
 12183 | D:10     | Found a runed translucent gate.
 12183 | D:10     | Found a runed translucent gate.
 12183 | D:10     | Identified a +0 club
 12183 | D:10     | Identified a +0 whip
 12183 | D:10     | Identified a +0 whip
 12184 | D:10     | Found a runed translucent gate.
 12184 | D:10     | Identified a +1 short sword of distortion
 12184 | D:10     | Identified a +0 short sword
 12209 | D:10     | Identified a +0 giant spiked club
 12209 | D:10     | Identified a +0 great mace
 12209 | D:10     | Noticed a two-headed ogre
 12210 | D:10     | Identified a +0 flail
 12210 | D:10     | Identified a +3 chain mail
 12210 | D:10     | Noticed Harold
 12219 | D:10     | Killed Harold
 12219 | D:10     | Reached skill level 8 in Throwing
 12223 | D:10     | Killed a two-headed ogre
 12231 | D:10     | Received a gift from Okawaru
 12231 | D:10     | Reached skill level 8 in Fighting
 12554 | D:10     | Found a staircase to the Lair.
 12674 | D:10     | Killed zkyp's ghost
 12674 | D:10     | Reached skill level 5 in Invocations
 12675 | D:10     | Cast into level 2 of the Abyss (big kobold)
 12714 | Abyss:2  | Reached skill level 13 in Unarmed Combat
 12749 | Abyss:2  | Noticed a cacodemon
 12776 | Abyss:2  | HP: 20/111 [cacodemon (13)]
 12778 | Abyss:2  | Gained mutation: Your magical capacity is low. (-10% MP) [a
                  | cacodemon]
 12780 | Abyss:2  | Gained mutation: You are weak. (Str -2) [a cacodemon]
 12781 | Abyss:2  | Killed a cacodemon
 12781 | Abyss:2  | Received a gift from Okawaru
 12793 | Abyss:2  | HP: 12/111 [ancient zyme (16)]
 12794 | Abyss:2  | HP: 4/111 [ancient zyme (8)]
 12797 | Abyss:2  | Noticed a starcursed mass
 12798 | Abyss:2  | Noticed a hell hog
 12799 | Abyss:2  | Killed from afar by a starcursed mass

Table legend:
 A = Turns spent in this place as a percentage of turns spent in the entire game.
 B = Non-inter-level travel turns spent in this place as a percentage of non-inter-level travel turns spent in the entire game.
 C = Inter-level travel turns spent in this place as a percentage of turns spent in this place.
 D = Turns resting spent in this place as a percentage of non-inter-level travel turns spent in this place.
 E = Turns spent auto-exploring this place as a percentage of non-inter-level travel turns spent in this place.
 F = Non-inter-level travel turns spent in this place divided by the number of levels of this place that you've seen.
                   A       B       C       D       E      F
               +-------+-------+-------+-------+-------+----------------------
         Total | 100.0 | 100.0 |   3.4 |  15.0 |  61.0 | 883.2
       Dungeon |  86.7 |  86.2 |   3.9 |  16.3 |  63.0 | 1066.1
        Temple |   2.5 |   2.6 |   0.6 |  31.5 |  49.2 | 317.0
         Abyss |   1.0 |   1.0 |   0.0 |   4.0 |   0.0 | 124.0
         Sewer |   5.0 |   5.2 |   0.0 |   0.3 |  71.5 | 643.0
       Ossuary |   4.8 |   5.0 |   0.0 |   0.8 |  33.7 | 620.0
               +-------+-------+-------+-------+-------+----------------------

Table legend:
 A = Kills in this place as a percentage of kills in entire the game.
 B = Kills by you in this place as a percentage of kills by you in the entire game.
 C = Kills by friends in this place as a percentage of kills by friends in the entire game.
 D = Other kills in this place as a percentage of other kills in the entire game.
 E = Experience gained in this place as a percentage of experience gained in the entire game.
 F = Experience gained in this place divided by the number of levels of this place that you have seen.
                   A       B       C       D       E      F
               +-------+-------+-------+-------+-------+----------------------
         Total | 100.0 | 100.0 |   N/A |   N/A | 100.0 | 1531.9
       Dungeon |  78.6 |  78.6 |   N/A |   N/A |  88.0 | 1886.5
         Abyss |   0.9 |   0.9 |   N/A |   N/A |  10.7 | 2294.0
         Sewer |   4.6 |   4.6 |   N/A |   N/A |   0.1 |  24.0
       Ossuary |  15.9 |  15.9 |   N/A |   N/A |   1.2 | 263.0
               +-------+-------+-------+-------+-------+----------------------

Skill      XL: |  1  2  3  4  5  6  7  8  9 10 11 |
---------------+----------------------------------+-----
Throwing       | 1 2 3 4 5 6 7 8 |  8.5
Unarmed Combat | 4 5 6 7 8 10 11 13 | 13.1
Fighting       | 3 4 5 6 7 8 |  8.3
Invocations    | 3 5 |  5.3
Dodging        | |  2.4
Stealth        | |  1.0

Action                   |  1- 3 |  4- 6 |  7- 9 | 10-12 || total
-------------------------+-------+-------+-------+-------++-------
Melee: Unarmed           |    61 |   143 |   305 |   402 ||   911
       Punch             |     1 |     3 |     9 |    20 ||    33
Throw: Stone             |    86 |   138 |   187 |   244 ||   655
       Dart              |    16 |     2 |       |     9 ||    27
       Boomerang         |       |       |       |    76 ||    76
       Large rock        |       |       |       |    10 ||    10
Invok: Heroism           |       |       |       |     2 ||     2
       Finesse           |       |       |       |     1 ||     1
  Use: Scroll            |       |     5 |     8 |     7 ||    20
       Potion            |       |       |       |     1 ||     1
 Stab: Sleeping          |       |       |       |     1 ||     1
  Eat: Chunk             |    11 |    26 |    36 |    38 ||   111
       Ration            |     3 |       |       |       ||     3
Armor: Robe              |    24 |    34 |    91 |    94 ||   243
Dodge: Dodged            |    24 |    57 |   141 |   121 ||   343

Vanquished Creatures
  A cacodemon (Abyss:2)
  Harold (D:10)
  The ghost of zkyp the Thrower, a journeyman GnHu of Gozag (D:10)
  2 two-headed ogres
  Erica (D:8)
  A shadow dragon skeleton (Abyss:2)
  A cyclops (D:9)
  A troll (D:10)
  2 polar bears (D:10)
  4 hippogriffs
  A ynoxinul (Abyss:2)
  Sigmund (D:5)
  A wyvern (D:10)
  8 yaks
  3 vampire mosquitoes (D:9)
  A basilisk (D:10)
  A human (D:7)
  4 hogs (D:7)
  2 black bears
  2 ice beasts
  3 orc warriors
  3 phantoms
  6 sky beasts
  A crocodile (D:8)
  4 ogres
  4 centaurs
  7 bullfrogs
  2 big kobolds
  A gnoll sergeant (D:7)
  3 scorpions
  11 killer bees
  6 wights
  4 howler monkeys
  2 lava snakes (D:9)
  A bullfrog zombie (D:6)
  7 crimson imps
  2 quasits (D:5)
  A centaur zombie (D:6)
  5 hounds
  2 bullfrog skeletons
  A centaur skeleton (D:8)
  5 jellies
  3 orc priests
  4 orc wizards
  11 worker ants
  Natasha (twice) (D:2)
  An iguana (D:5)
  A killer bee zombie (D:8)
  7 big kobold zombies (Ossuary)
  A mummy (Ossuary)
  2 hound skeletons
  A worker ant zombie (D:7)
  13 gnolls
  A howler monkey skeleton (D:7)
  7 adders
  A shadow imp (D:8)
  An ooze (D:5)
  3 adder zombies
  2 adder skeletons
  2 worms
  A dart slug (D:1)
  6 leopard geckos
  27 orcs
  2 spectral bats (Ossuary)
  4 bats
  9 giant cockroaches
  5 gnoll zombies (Ossuary)
  10 goblins
  7 hobgoblins
  13 jackals
  11 kobolds
  3 quokkas
  6 ball pythons
  5 bat simulacra (Ossuary)
  11 frilled lizards
  6 goblin simulacra (Ossuary)
  A goblin zombie (Ossuary)
  3 hobgoblin zombies (Ossuary)
  A jackal skeleton (D:7)
  9 kobold zombies (Ossuary)
  5 orc zombies (Ossuary)
  7 rats
  2 rat simulacra (Ossuary)
  2 spectral goblins (Ossuary)
  4 spectral kobolds (Ossuary)
  3 spectral rats (Ossuary)
  A plant (Sewer)
347 creatures vanquished.
